 Dungeon Crawl Stone Soup version 0.17-a0-1970-g7a13dd1 (webtiles) character file.

227 SlimeFever the Insei (level 5, -4/43 HPs)
             Began as a Demonspawn Monk on Oct 4, 2015.
             Killed by divine providence
             ... invoked by an orc priest
              (12 damage)
             ... on level 3 of the Dungeon.
             The game lasted 00:24:40 (4466 turns).

SlimeFever the Insei (Demonspawn Monk)              Turns: 4466, Time: 00:24:40

Health: -4/43      AC:  1    Str: 13    XL:     5   Next: 70%
Magic:  5/5        EV: 14    Int: 13    God:
Gold:   157        SH:  0    Dex: 15    Spells: 0 memorised, 4 levels left

rFire  . . .     SeeInvis .     c - +0 quarterstaff
rCold  . . .     Rnd*Rage +     a - +0 robe
rNeg   + . .     SustAt   .     (no shield)
rPois  .         Gourm    .     (helmet restricted)
rElec  .         Spirit   .     (no cloak)
rCorr  .         Warding  .     (no gloves)
rMut   .         Stasis   .     (no boots)
MR     .....                    (no amulet)
Stlth  ++........               (no ring)
                                p - ring of positive energy

@: not resistant to hostile enchantments, unstealthy
A: antennae 2, berserk 1, blink, clever 1, deformed body, screaming 1
a: Blink


You were on level 3 of the Dungeon.
You were not hungry.

You visited 1 branch of the dungeon, and saw 3 of its levels.

You collected 157 gold pieces.

Inventory:

Hand weapons
 c - a +0 quarterstaff (weapon)
 n - a cursed +0 hunting sling
Missiles
 l - 8 tomahawks (quivered)
 q - 10 arrows of frost
 r - 13 poisoned needles
Armour
 a - a +0 robe (worn)
Jewellery
 p - a ring of positive energy (left hand)
Magical devices
 k - a wand of digging (14)
 o - a wand of magic darts (25)
Scrolls
 d - 3 scrolls of remove curse
 g - a scroll of identify
 i - 2 scrolls of teleportation
 s - a scroll of enchant weapon {unknown}
Potions
 e - a potion of heal wounds {unknown}
 f - a potion of beneficial mutation {unknown}
 h - a potion of invisibility {unknown}
 j - a potion of lignification {unknown}
 m - a potion of brilliance {unknown}
Comestibles
 b - a bread ration


   Skills:
 + Level 4.3 Fighting
 * Level 0.1 Staves
 * Level 4.1 Dodging
 + Level 2.5 Stealth
 + Level 4.3 Unarmed Combat


You had 4 spell levels left.
You didn't know any spells.

Dungeon Overview and Level Annotations

Branches:
Dungeon (3/15)

Altars:
Elyvilon
Fedhas
Nemelex Xobeh
Zin


Innate Abilities, Weirdness & Mutations

You have a pair of antennae on your head.
You tend to lose your temper in combat.
You can translocate small distances at will.
Your mind is acute. (Int +2)
Armour fits poorly on your strangely shaped body.
You occasionally shout uncontrollably at your foes.


Message History

The orc priest invokes the aid of Beogh against you.
Pain shoots through your body!
You barely miss the orc priest.
The orc priest is severely wounded.
The orc priest calls down the wrath of Beogh upon you.
Pain shoots through your body!
* * * LOW HITPOINT WARNING * * *
You hit the orc priest but do no damage.
The orc priest is severely wounded.
The orc priest casts a cantrip, but nothing happens.
The orc priest barely misses you.
You hit the orc priest but do no damage.
The orc priest is severely wounded.
The orc priest invokes the aid of Beogh against you.
You barely resist. You closely miss the orc priest.
The orc priest is severely wounded.
The orc priest calls down the wrath of Beogh upon you.
Something smites you!
You die...

#######.#
#.#.#
........#
#.###
#########
#.# ## #.#
##.##.# #
#.#...# #
#.####
###### #.#
.....# #@#
### .# #o#
# .# #o# #
.# #o#
####.######
#r#
.).........


og# ###...##.# #.. .....>...# ### ###...#### You could see an orc priest, 3
orcs, a hobgoblin and a rat.

Vanquished Creatures
  Ijyb (D:2)
  Jessica (D:2)
  Terence (D:2)
  Robin (D:2)
  3 adders
  2 oozes
  2 worms
  2 giant geckos (D:1)
  10 orcs (D:3)
  8 giant cockroaches
  14 goblins
  13 hobgoblins
  7 kobolds
  2 quokkas (D:3)
  5 bats
  5 giant newts
  7 rats
84 creatures vanquished.

Notes
Turn   | Place    | Note
--------------------------------------------------------------
     0 | D:1      | SlimeFever the Demonspawn Monk began the quest for the Orb.
     0 | D:1      | Reached XP level 1. HP: 18/18 MP: 1/1
   132 | D:1      | Gained mutation: You have a pair of small antennae on your head. [demonic ancestry]
   132 | D:1      | Reached XP level 2. HP: 24/24 MP: 2/2
   848 | D:1      | Reached XP level 3. HP: 22/29 MP: 3/3
   865 | D:1      | Reached skill level 4 in Unarmed Combat
  1009 | D:2      | Noticed Terence
  1042 | D:2      | Killed Terence
  1388 | D:2      | Reached XP level 4. HP: 23/37 MP: 4/4
  1663 | D:2      | Found a sparkling altar of Nemelex Xobeh.
  1783 | D:2      | Noticed Ijyb
  1818 | D:2      | Killed Ijyb
  2096 | D:2      | Noticed Jessica
  2212 | D:2      | Killed Jessica
  2212 | D:2      | Gained mutation: You have a pair of antennae on your head. [demonic ancestry]
  2212 | D:2      | Reached XP level 5. HP: 29/42 MP: 5/5
  2578 | D:2      | Noticed Robin
  3117 | D:2      | Killed Robin
  3164 | D:3      | Found a glowing silver altar of Zin.
  3287 | D:3      | Found a white marble altar of Elyvilon.
  3569 | D:3      | Found a blossoming altar of Fedhas.
  3930 | D:3      | Found a faded altar to an unknown god.
  3958 | D:3      | Gained mutation: You tend to lose your temper in combat. [potion of mutation]
  3958 | D:3      | Gained mutation: You occasionally shout uncontrollably at your foes. [potion of mutation]
  3958 | D:3      | Gained mutation: You can translocate small distances at will. [potion of mutation]
  3959 | D:3      | Gained mutation: Your mind is acute. (Int +2) [potion of mutation]
  3959 | D:3      | Gained mutation: Armour fits poorly on your strangely shaped body. [potion of mutation]
  4466 | D:3      | Killed from afar by an orc priest

Vault maps used:
D:1:      nicolae_arrival_somewhat_less_tricky_arrival
D:2:      lemuel_round_altar, uniq_robin, uniq_iyjb, uniq_terence, uniq_jessica
D:3:      lemuel_crystal_altar, overflow_temple_1_default, elyvilon_altar_5,
          kennysheep_vampire_church, ecumenical_altar_2

Action                   |  1- 3 |  4- 6 || total
-------------------------+-------+-------++-------
Melee: Unarmed           |   128 |   132 ||   260
       Quarterstaff      |       |   100 ||   100
Throw: Tomahawk          |       |     6 ||     6
 Abil: Blink             |       |     1 ||     1
  Use: Scroll            |     3 |     4 ||     7
       Potion            |     1 |     3 ||     4
 Stab: Sleeping          |     3 |     5 ||     8
  Eat: Fruit             |     4 |       ||     4
       Meat ration       |       |     1 ||     1
       Bread ration      |       |     1 ||     1
